Oilers vs Sharks

Created - Friday, January 22, 2016 at 00:04

Goals
1 2 3 T
Oilers 0 1 1 2
Sharks 0 1 0 1
Shots
1 2 3 T
Oilers 9 13 6 28
Sharks 10 9 10 29

1st period

No Goal

Penalties :
Erik Cole (SJ ) for Hooking (Minor) at 0:53, Jay Harrison (SJ ) for Holding Stick (Minor) at 10:09, Vernon Fiddler (SJ ) for Interference (Minor) at 14:18

2nd period

1. Oilers , Nick Bonino 14 (Niklas Hjalmarsson, Nick Foligno) at 5:36
2. Sharks , Brad Richards 12 (Curtis Glencross, Jay Harrison) at 9:07

Penalties :
Erik Cole (SJ ) for Holding (Minor) at 10:33, James Wisniewski (Edm) for Tripping (Minor) at 11:48

3rd period

3. Oilers , Nick Foligno 13 (Nick Bonino) at 3:14

Penalties :
Nicolas Deslauriers (SJ ) for Fighting (Major) at 8:55, Andrew Ladd (Edm) for Fighting (Major) at 8:55, Steven Kampfer (Edm) for Hooking (Minor) at 14:46, Ryan McDonagh (Edm) for Interference (Minor) at 16:18

Goalie Stats

Jaroslav Halak (Edm), 28 saves from 29 shots - (0.966), W, 27-11-4, 60:00 minutes
Jonathan Quick (SJ ), 26 saves from 28 shots - (0.929), L, 13-24-3, 59:00 minutes

Players Stats for Oilers

Player Name              G  A  P  +/- PIM S  H  SB GA TA FO     MP     PP MP  PK MP  
------------------------------------------------------------------------------------
Andrew Ladd              0  0  0  -1  5   1  0  0  0  0  0/0    16:43   3:32   0:00 
Brayden McNabb           0  0  0   0  0   0  1  1  0  1  0/0    13:59   0:00   0:00 
Brayden Schenn           0  0  0  -1  0   3  2  0  3  0  0/0    17:08   3:40   0:00 
Darren Helm              0  0  0   0  0   2  2  0  2  1  0/0    11:54   0:00   1:46 
David Desharnais         0  0  0   0  0   1  0  1  2  0  3/7    14:28   3:40   0:00 
Jacob Josefson           0  0  0   0  0   0  0  0  0  1  0/0     9:15   0:00   0:00 
James Wisniewski         0  0  0  -1  2   0  2  1  0  0  0/0    23:41   4:15   1:31 
Jamie McGinn             0  0  0   0  0   1  2  0  0  0  0/0    10:35   0:00   0:00 
Jason Demers             0  0  0   2  0   2  3  2  1  2  0/0    20:52   2:56   2:15 
Lars Eller               0  0  0   0  0   1  0  0  1  0  5/8    13:17   0:00   2:22 
Nick Bonino              1  1  2   2  0   4  0  0  0  0  3/11   15:16   0:00   2:21 
Nick Foligno             1  1  2   2  0   4  1  0  5  2  0/0    16:39   3:32   0:03 
Nicklas Backstrom        0  0  0  -1  0   1  1  1  2  0  9/15   18:15   3:32   0:03 
Niklas Hjalmarsson       0  1  1   2  0   1  2  1  0  1  0/0    21:27   2:56   2:15 
Patrick Marleau          0  0  0   2  0   3  0  0  1  0  1/1    16:34   3:40   0:00 
Ryan McDonagh            0  0  0  -1  2   1  1  2  1  3  0/0    24:23   4:16   1:40 
Steven Kampfer           0  0  0   0  2   1  1  0  0  1  0/0    16:16   0:00   1:58 
Trevor Lewis             0  0  0   0  0   2  0  0  1  0  1/2    13:17   0:00   2:22 

Players Stats for Sharks

Player Name              G  A  P  +/- PIM S  H  SB GA TA FO     MP     PP MP  PK MP  
------------------------------------------------------------------------------------
Brad Richards            1  0  1  -1  0   2  1  0  4  2  11/16  17:45   3:03   2:28 
Brian Gionta             0  0  0  -2  0   3  1  0  4  0  1/4    19:56   2:20   0:00 
Curtis Glencross         0  1  1   1  0   1  1  1  2  0  0/0    12:14   0:00   3:31 
Derek Roy                0  0  0   0  0   4  1  0  4  0  0/0    15:27   1:18   0:00 
Dion Phaneuf             0  0  0  -1  0   9  5  0  0  1  0/0    27:28   2:40   4:06 
Erik Cole                0  0  0  -1  4   1  1  0  1  0  0/0    17:10   3:28   2:29 
Ian Cole                 0  0  0  -1  0   0  0  1  0  0  0/0    11:06   2:06   3:39 
Jay Harrison             0  1  1   0  2   1  0  1  0  2  0/0    18:47   2:40   2:52 
Luca Sbisa               0  0  0   0  0   0  0  0  0  0  0/0    12:54   0:00   0:41 
Maxim Lapierre           0  0  0   0  0   0  0  0  0  1  4/7    15:02   0:25   0:00 
Mike Green               0  0  0   0  0   1  2  1  0  0  0/0    15:04   0:00   0:00 
Mike Weber               0  0  0   0  0   1  2  0  1  3  0/0    20:47   2:06   3:06 
Nicklas Grossmann        0  0  0   0  0   0  1  4  0  1  0/0    14:21   0:00   0:00 
Nicolas Deslauriers      0  0  0   0  5   0  1  0  0  0  0/0     6:33   0:00   0:00 
Olli Jokinen             0  0  0   0  0   2  2  0  0  1  2/9    20:18   1:18   4:13 
Richard Panik            0  0  0   0  0   1  1  0  2  0  0/0    13:19   0:00   0:00 
Tomas Fleischmann        0  0  0   0  0   3  1  0  3  0  1/1    15:45   1:08   0:00 
Vernon Fiddler           0  0  0   0  2   0  1  0  0  2  3/7    18:03   1:18   1:43 

3 Stars

1 - Nick Foligno (Edm)
2 - Nick Bonino (Edm)
3 - Jaroslav Halak (Edm)

Power Play

Oilers - 0 on 4 Attempt(s) - 0.00%
Sharks - 0 on 3 Attempt(s) - 0.00%

Penalty Kill

Oilers - 3 on 3 Attempt(s) - 100.00% - Score 0 goal in Penalty Kill
Sharks - 4 on 4 Attempt(s) - 100.00% - Score 0 goal in Penalty Kill

Team Stat

Oilers - Hits : 18 - Faceoff Wins : 22 - Blocked Shots : 9 - Penalty Minutes : 11
Sharks - Hits : 21 - Faceoff Wins : 22 - Blocked Shots : 8 - Penalty Minutes : 13

Official

Referees : Unknown
Linesman : Unknown

Game Notes

Nicolas Deslauriers beats up Andrew Ladd at 8:55 of 3rd period

Finance

Level 1 -- Attendance: 4685 (78.08%) -- Ticket Income $416,965
Level 2 -- Attendance: 2803 (56.06%) -- Ticket Income $193,407
Level 3 -- Attendance: 1383 (69.15%) -- Ticket Income $48,405
Level 4 -- Attendance: 2377 (59.43%) -- Ticket Income $59,425
Luxury Box -- Attendance: 677 (67.70%) -- Ticket Income $134,723
Game was played at the HP Pavilion.
Total Attendance: 11925 (66.25%)
Total Ticket Income: $852,925
Other Income: $417,933
Total Income: $1,270,858

Oilers

5 vs 5 Forward 
   Center                   Left Wing                Right Wing               Time % Phy DF OF 
 1 Nicklas Backstrom        Andrew Ladd              Brayden Schenn           35     0   1  4  
 2 Nick Bonino              Patrick Marleau          Nick Foligno             33     0   1  4  
 3 David Desharnais         Jacob Josefson           Darren Helm              22     0   2  3  
 4 Lars Eller               Trevor Lewis             Jamie McGinn             10     1   2  2  

5 vs 5 Defense 
   Defense                  Defense                                           Time % Phy DF OF 
 1 Ryan McDonagh            James Wisniewski                                  35     1   3  1  
 2 Niklas Hjalmarsson       Jason Demers                                      30     1   4  0  
 3 Steven Kampfer           Brayden McNabb                                    25     1   4  0  
 4 Ryan McDonagh            James Wisniewski                                  10     1   4  0  

PowerPlay Forward 
   Center                   Left Wing                Right Wing               Time % Phy DF OF 
 1 Nicklas Backstrom        Andrew Ladd              Nick Foligno             60     0   1  4  
 2 David Desharnais         Patrick Marleau          Brayden Schenn           40     0   1  4  

PowerPlay Defense
   Defense                  Defense                                           Time % Phy DF OF 
 1 Ryan McDonagh            James Wisniewski                                  60     1   2  2  
 2 Niklas Hjalmarsson       Jason Demers                                      40     1   2  2  

Penalty Kill 4 Players Forward 
   Center                   Wing                     Time % Phy DF OF 
 1 Lars Eller               Trevor Lewis             50     1   4  0  
 2 Nick Bonino              Darren Helm              50     1   4  0  

Penalty Kill 4 Players Defense
   Defense                  Defense                  Time % Phy DF OF 
 1 Ryan McDonagh            James Wisniewski         50     1   4  0  
 2 Niklas Hjalmarsson       Jason Demers             50     1   4  0  

Penalty Kill - 3 Players Forward 
   Forward                                           Time % Phy DF OF 
 1 Nick Bonino                                       50     1   4  0  
 2 Lars Eller                                        50     1   4  0  

Penalty Kill - 3 Players Defense
   Defense                  Defense                  Time % Phy DF OF 
 1 Ryan McDonagh            James Wisniewski         50     1   2  2  
 2 Niklas Hjalmarsson       Jason Demers             50     1   2  2  

4 vs 4 Forward 
   Center                   Wing                     Time % Phy DF OF 
 1 Nicklas Backstrom        Nick Foligno             50     0   1  4  
 2 Patrick Marleau          Andrew Ladd              50     0   1  4  

4 vs 4 Defense
   Defense                  Defense                  Time % Phy DF OF 
 1 Ryan McDonagh            James Wisniewski         60     1   4  0  
 2 Niklas Hjalmarsson       Jason Demers             40     1   4  0  

Last Minutes Offensive
   Center                   Left Wing                Right Wing               Defense                  Defense                  
   Nicklas Backstrom        Andrew Ladd              Nick Foligno             Patrick Marleau          James Wisniewski         

Last Minutes Defensive
   Center                   Left Wing                Right Wing               Defense                  Defense                  
   Nicklas Backstrom        Nick Bonino              Darren Helm              Ryan McDonagh            Niklas Hjalmarsson       

Goaltenders
Starting : Jaroslav Halak           
Backup : Jeremy Smith             

Extra Forwards
Normal : Nick Foligno, David Desharnais, Darren Helm - PP : Patrick Marleau, Nick Foligno - PK : Andrew Ladd
Extra Defensemen
Normal : Steven Kampfer, Brayden McNabb, Niklas Hjalmarsson - PP : Brayden McNabb - PK : Steven Kampfer, Niklas Hjalmarsson
Penalty Shots
James Wisniewski, David Desharnais, Andrew Ladd, Darren Helm, Nick Bonino

Sharks

5 vs 5 Forward 
   Center                   Left Wing                Right Wing               Time % Phy DF OF 
 1 Brad Richards            Erik Cole                Brian Gionta             35     1   2  2  
 2 Vernon Fiddler           Olli Jokinen             Derek Roy                30     1   2  2  
 3 Maxim Lapierre           Tomas Fleischmann        Richard Panik            22     1   2  2  
 4 Brian Gionta             Curtis Glencross         Nicolas Deslauriers      13     1   2  2  

5 vs 5 Defense 
   Defense                  Defense                                           Time % Phy DF OF 
 1 Dion Phaneuf             Mike Green                                        35     1   2  2  
 2 Mike Weber               Nicklas Grossmann                                 30     1   2  2  
 3 Luca Sbisa               Jay Harrison                                      22     1   2  2  
 4 Ian Cole                 Dion Phaneuf                                      13     1   2  2  

PowerPlay Forward 
   Center                   Left Wing                Right Wing               Time % Phy DF OF 
 1 Brad Richards            Erik Cole                Brian Gionta             60     1   2  2  
 2 Vernon Fiddler           Olli Jokinen             Derek Roy                40     1   2  2  

PowerPlay Defense
   Defense                  Defense                                           Time % Phy DF OF 
 1 Dion Phaneuf             Jay Harrison                                      60     1   2  2  
 2 Mike Weber               Ian Cole                                          40     1   2  2  

Penalty Kill 4 Players Forward 
   Center                   Wing                     Time % Phy DF OF 
 1 Olli Jokinen             Erik Cole                60     1   2  2  
 2 Brad Richards            Vernon Fiddler           40     1   2  2  

Penalty Kill 4 Players Defense
   Defense                  Defense                  Time % Phy DF OF 
 1 Dion Phaneuf             Jay Harrison             60     1   2  2  
 2 Mike Weber               Ian Cole                 40     1   2  2  

Penalty Kill - 3 Players Forward 
   Forward                                           Time % Phy DF OF 
 1 Brad Richards                                     60     1   2  2  
 2 Erik Cole                                         40     1   2  2  

Penalty Kill - 3 Players Defense
   Defense                  Defense                  Time % Phy DF OF 
 1 Dion Phaneuf             Ian Cole                 60     1   2  2  
 2 Mike Weber               Jay Harrison             40     1   2  2  

4 vs 4 Forward 
   Center                   Wing                     Time % Phy DF OF 
 1 Olli Jokinen             Erik Cole                60     1   2  2  
 2 Brad Richards            Vernon Fiddler           40     1   2  2  

4 vs 4 Defense
   Defense                  Defense                  Time % Phy DF OF 
 1 Dion Phaneuf             Jay Harrison             60     1   2  2  
 2 Mike Weber               Ian Cole                 40     1   2  2  

Last Minutes Offensive
   Center                   Left Wing                Right Wing               Defense                  Defense                  
   Brad Richards            Erik Cole                Brian Gionta             Dion Phaneuf             Mike Green               

Last Minutes Defensive
   Center                   Left Wing                Right Wing               Defense                  Defense                  
   Brad Richards            Erik Cole                Brian Gionta             Dion Phaneuf             Mike Green               

Goaltenders
Starting : Jonathan Quick           
Backup : Antti Raanta             

Extra Forwards
Normal : Tomas Fleischmann, Maxim Lapierre, Curtis Glencross - PP : Tomas Fleischmann, Maxim Lapierre - PK : Curtis Glencross
Extra Defensemen
Normal : Dion Phaneuf, Jay Harrison, Ian Cole - PP : Dion Phaneuf - PK : Jay Harrison, Ian Cole
Penalty Shots
Maxim Lapierre, Erik Cole, Brad Richards, Vernon Fiddler, Olli Jokinen

% Time on Ice - Oilers

Lines # - Real PCT - Wanted PCT - Time Play
Normal Forward
1 - 30% - 35% - 14:13
2 - 27% - 33% - 12:40
3 - 20% - 22% - 9:15
4 - 23% - 10% - 10:35
Normal Defense
1 - 35% - 35% - 16:09
2 - 32% - 30% - 15:09
3 - 30% - 25% - 13:59
4 - 3% - 10% - 1:26
PP Forward
1 - 49% - 60% - 3:32
2 - 51% - 40% - 3:40
PP Defense
1 - 59% - 60% - 4:16
2 - 41% - 40% - 2:56
PK Forward
1 - 59% - 50% - 2:33
2 - 41% - 50% - 1:46
PK Defense
1 - 58% - 50% - 2:31
2 - 42% - 50% - 1:48
PK3 Forward
1 - 100% - 50% - 0:27
2 - 0% - 50% - 0:00
PK3 Defense
1 - 0% - 50% - 0:00
2 - 100% - 50% - 0:27
44 Forward
1 - 27% - 50% - 0:12
2 - 73% - 50% - 0:32
44 Defense
1 - 27% - 60% - 0:12
2 - 73% - 40% - 0:32
Last Minute Offensive  - 0:00
Last Minute Defensive  - 0:35
Total
Forward - 60:00
Defense - 60:00

% Time on Ice - Sharks

Lines # - Real PCT - Wanted PCT - Time Play
Normal Forward
1 - 24% - 35% - 11:15
2 - 31% - 30% - 14:37
3 - 29% - 22% - 13:19
4 - 16% - 13% - 7:21
Normal Defense
1 - 35% - 35% - 16:06
2 - 31% - 30% - 14:34
3 - 25% - 22% - 11:45
4 - 9% - 13% - 4:07
PP Forward
1 - 73% - 60% - 3:28
2 - 27% - 40% - 1:18
PP Defense
1 - 56% - 60% - 2:40
2 - 44% - 40% - 2:06
PK Forward
1 - 66% - 60% - 4:47
2 - 34% - 40% - 2:25
PK Defense
1 - 57% - 60% - 4:06
2 - 43% - 40% - 3:06
PK3 Forward
1 - 0% - 60%
2 - 0% - 40%
PK3 Defense
1 - 0% - 60%
2 - 0% - 40%
44 Forward
1 - 100% - 60% - 0:44
2 - 0% - 40% - 0:00
44 Defense
1 - 27% - 60% - 0:12
2 - 73% - 40% - 0:32
Last Minute Offensive  - 0:46
Last Minute Defensive  - 0:00
Total
Forward - 60:00
Defense - 60:00

Play by Play

1st period


0:01 of 1st period - Brian Gionta wins face-off versus Nicklas Backstrom in neutral zone.
0:09 of 1st period - Icing by Ryan McDonagh.
0:10 of 1st period - Brad Richards wins face-off versus Nicklas Backstrom in Oilers zone.
0:53 of 1st period - Minor Penalty to Erik Cole for Hooking.
0:54 of 1st period - David Desharnais wins face-off versus Olli Jokinen in Sharks zone.
1:37 of 1st period - Snap shot by Nick Foligno.
1:37 of 1st period - Stopped by Jonathan Quick with a rebound.
1:39 of 1st period - Slapshot by Jason Demers.
1:39 of 1st period - Stopped by Jonathan Quick with a rebound.
1:41 of 1st period - Backhand shot by Jason Demers.
1:41 of 1st period - Shot Misses the Net.
1:43 of 1st period - Slapshot by Niklas Hjalmarsson.
1:43 of 1st period - Stopped by Jonathan Quick without a rebound.
1:44 of 1st period - Nicklas Backstrom wins face-off versus Brad Richards in Sharks zone.
2:42 of 1st period - Backhand shot by Dion Phaneuf.
2:42 of 1st period - Stopped by Jaroslav Halak with a rebound.
2:53 of 1st period - Penalty to Erik Cole is over, Erik Cole is back on ice.
3:56 of 1st period - Brian Gionta is hit by Jason Demers and loses puck.
4:11 of 1st period - Jay Harrison is hit by Jamie McGinn and loses puck.
4:30 of 1st period - Mike Green is hit by Darren Helm and loses puck.
5:10 of 1st period - Wrist shot by Patrick Marleau.
5:10 of 1st period - Stopped by Jonathan Quick without a rebound.
5:11 of 1st period - Maxim Lapierre wins face-off versus Nick Bonino in Sharks zone.
5:18 of 1st period - Slapshot by Nick Foligno.
5:18 of 1st period - Shot Misses the Net.
7:19 of 1st period - Mike Weber is hit by Brayden McNabb and loses puck.
7:41 of 1st period - Snap shot by Tomas Fleischmann.
7:41 of 1st period - Shot Blocked by Brayden McNabb.
7:46 of 1st period - Icing by Steven Kampfer.
7:47 of 1st period - Lars Eller wins face-off versus Maxim Lapierre in Oilers zone.
8:00 of 1st period - Snap shot by Tomas Fleischmann.
8:00 of 1st period - Shot Misses the Net.
8:02 of 1st period - Wrist shot by Richard Panik.
8:02 of 1st period - Shot Misses the Net.
8:04 of 1st period - Slapshot by Dion Phaneuf.
8:04 of 1st period - Shot Blocked by Jason Demers.
8:06 of 1st period - Snap shot by Dion Phaneuf.
8:06 of 1st period - Stopped by Jaroslav Halak with a rebound.
8:16 of 1st period - Slapshot by Dion Phaneuf.
8:16 of 1st period - Shot Misses the Net.
8:18 of 1st period - Slapshot by Dion Phaneuf.
8:18 of 1st period - Stopped by Jaroslav Halak with a rebound.
8:20 of 1st period - Snap shot by Vernon Fiddler.
8:20 of 1st period - Deflect By Derek Roy.
8:20 of 1st period - Stopped by Jaroslav Halak with a rebound.
8:52 of 1st period - Jason Demers is hit by Brad Richards.
9:51 of 1st period - Snap shot by Derek Roy.
9:51 of 1st period - Deflect By Olli Jokinen.
9:51 of 1st period - Stopped by Jaroslav Halak with a rebound.
9:53 of 1st period - Slapshot by Jay Harrison.
9:53 of 1st period - Stopped by Jaroslav Halak with a rebound.
9:55 of 1st period - Snap shot by Olli Jokinen.
9:55 of 1st period - Shot Misses the Net.
10:09 of 1st period - Minor Penalty to Jay Harrison for Holding Stick.
10:10 of 1st period - Nicklas Backstrom wins face-off versus Olli Jokinen in Sharks zone.
10:49 of 1st period - Erik Cole is hit by Niklas Hjalmarsson.
11:03 of 1st period - Wrist shot by Dion Phaneuf.
11:03 of 1st period - Stopped by Jaroslav Halak without a rebound.
11:04 of 1st period - Nicklas Backstrom wins face-off versus Olli Jokinen in Oilers zone.
11:39 of 1st period - Off-side.
11:40 of 1st period - Brad Richards wins face-off versus David Desharnais in neutral zone.
11:45 of 1st period - Slapshot by Dion Phaneuf.
11:45 of 1st period - Shot Misses the Net.
11:47 of 1st period - Slapshot by Luca Sbisa.
11:47 of 1st period - Shot Misses the Net.
12:09 of 1st period - Penalty to Jay Harrison is over, Jay Harrison is back on ice.
14:18 of 1st period - Minor Penalty to Vernon Fiddler for Interference.
14:19 of 1st period - Olli Jokinen wins face-off versus David Desharnais in Sharks zone.
14:19 of 1st period - Olli Jokinen is hit by Brayden Schenn.
14:40 of 1st period - Wrist shot by Patrick Marleau.
14:40 of 1st period - Stopped by Jonathan Quick with a rebound.
14:42 of 1st period - Slapshot by Ryan McDonagh.
14:42 of 1st period - Deflect By David Desharnais.
14:42 of 1st period - Stopped by Jonathan Quick with a rebound.
15:40 of 1st period - David Desharnais is hit by Mike Weber and loses puck.
15:47 of 1st period - Mike Weber is hit by Jason Demers and loses puck.
16:18 of 1st period - Penalty to Vernon Fiddler is over, Vernon Fiddler is back on ice.
16:31 of 1st period - Erik Cole is hit by Brayden Schenn and loses puck.
16:49 of 1st period - Off-side.
16:50 of 1st period - Lars Eller wins face-off versus Maxim Lapierre in neutral zone.
17:07 of 1st period - Slapshot by Richard Panik.
17:07 of 1st period - Stopped by Jaroslav Halak without a rebound.
17:08 of 1st period - Lars Eller wins face-off versus Brian Gionta in Oilers zone.
17:23 of 1st period - Wrist shot by Trevor Lewis.
17:23 of 1st period - Stopped by Jonathan Quick with a rebound.
17:25 of 1st period - Wrist shot by Trevor Lewis.
17:25 of 1st period - Stopped by Jonathan Quick with a rebound.
17:27 of 1st period - Snap shot by Lars Eller.
17:27 of 1st period - Shot Blocked by Curtis Glencross.
17:29 of 1st period - Snap shot by Jamie McGinn.
17:29 of 1st period - Stopped by Jonathan Quick with a rebound.
18:03 of 1st period - Snap shot by Tomas Fleischmann.
18:03 of 1st period - Stopped by Jaroslav Halak with a rebound.
18:05 of 1st period - Slapshot by Mike Green.
18:05 of 1st period - Shot Blocked by David Desharnais.
18:07 of 1st period - Snap shot by Tomas Fleischmann.
18:07 of 1st period - Stopped by Jaroslav Halak without a rebound.
18:08 of 1st period - Nicklas Backstrom wins face-off versus Vernon Fiddler in Oilers zone.
18:08 of 1st period - Nicklas Backstrom is hit by Dion Phaneuf.
18:28 of 1st period - Niklas Hjalmarsson is hit by Mike Green and loses puck.
Goals for this period are 0 for Oilers vs 0 for Sharks.
Shots for this period are 9 for Oilers vs 10 for Sharks.

2nd period


0:01 of 2nd period - Brad Richards wins face-off versus Nick Bonino in neutral zone.
0:09 of 2nd period - Patrick Marleau is hit by Mike Green and loses puck.
0:16 of 2nd period - Snap shot by Brad Richards.
0:16 of 2nd period - Stopped by Jaroslav Halak with a rebound.
0:41 of 2nd period - Nick Bonino is hit by Erik Cole and loses puck.
0:54 of 2nd period - Mike Green is hit by Ryan McDonagh and loses puck.
1:15 of 2nd period - Steven Kampfer is hit by Dion Phaneuf.
1:29 of 2nd period - Snap shot by Brayden Schenn.
1:29 of 2nd period - Deflect By Nicklas Backstrom.
1:29 of 2nd period - Stopped by Jonathan Quick with a rebound.
2:23 of 2nd period - Nicklas Backstrom is hit by Nicolas Deslauriers.
2:35 of 2nd period - Jacob Josefson is hit by Nicklas Grossmann and loses puck.
3:32 of 2nd period - James Wisniewski is hit by Derek Roy and loses puck.
4:06 of 2nd period - Snap shot by Tomas Fleischmann.
4:06 of 2nd period - Shot Misses the Net.
4:26 of 2nd period - Nick Bonino is hit by Dion Phaneuf and loses puck.
5:12 of 2nd period - Icing by Dion Phaneuf.
5:13 of 2nd period - David Desharnais wins face-off versus Brad Richards in Sharks zone.
5:30 of 2nd period - Snap shot by Nick Foligno.
5:30 of 2nd period - Shot Blocked by Ian Cole.
5:32 of 2nd period - Snap shot by Nick Bonino.
5:32 of 2nd period - Stopped by Jonathan Quick with a rebound.
5:34 of 2nd period - Slapshot by Niklas Hjalmarsson.
5:34 of 2nd period - Shot Misses the Net.
5:36 of 2nd period - Snap shot by Nick Bonino.
5:36 of 2nd period - Goal by Nick Bonino - Oilers : 1 - Sharks : 0.
5:37 of 2nd period - Nicklas Backstrom wins face-off versus Vernon Fiddler in neutral zone.
5:42 of 2nd period - Wrist shot by Nicklas Backstrom.
5:42 of 2nd period - Shot Blocked by Nicklas Grossmann.
6:02 of 2nd period - Wrist shot by Nicklas Backstrom.
6:02 of 2nd period - Shot Misses the Net.
6:04 of 2nd period - Slapshot by Ryan McDonagh.
6:04 of 2nd period - Stopped by Jonathan Quick with a rebound.
6:27 of 2nd period - Wrist shot by Patrick Marleau.
6:27 of 2nd period - Shot Blocked by Nicklas Grossmann.
6:29 of 2nd period - Backhand shot by Nick Bonino.
6:29 of 2nd period - Shot Misses the Net.
6:31 of 2nd period - Wrist shot by Patrick Marleau.
6:31 of 2nd period - Stopped by Jonathan Quick with a rebound.
6:33 of 2nd period - Slapshot by Niklas Hjalmarsson.
6:33 of 2nd period - Shot Misses the Net.
6:35 of 2nd period - Wrist shot by Nick Bonino.
6:35 of 2nd period - Stopped by Jonathan Quick with a rebound.
6:37 of 2nd period - Slapshot by Jason Demers.
6:37 of 2nd period - Stopped by Jonathan Quick with a rebound.
6:39 of 2nd period - Snap shot by Niklas Hjalmarsson.
6:39 of 2nd period - Shot Misses the Net.
6:41 of 2nd period - Slapshot by Niklas Hjalmarsson.
6:41 of 2nd period - Shot Misses the Net.
6:43 of 2nd period - Slapshot by Nick Foligno.
6:43 of 2nd period - Shot Misses the Net.
6:55 of 2nd period - Nicklas Grossmann is hit by Niklas Hjalmarsson and loses puck.
7:20 of 2nd period - Wrist shot by Derek Roy.
7:20 of 2nd period - Stopped by Jaroslav Halak with a rebound.
7:32 of 2nd period - Jay Harrison is hit by Darren Helm and loses puck.
7:51 of 2nd period - Snap shot by Lars Eller.
7:51 of 2nd period - Shot Blocked by Jay Harrison.
7:53 of 2nd period - Slapshot by Steven Kampfer.
7:53 of 2nd period - Stopped by Jonathan Quick without a rebound.
7:54 of 2nd period - Trevor Lewis wins face-off versus Brian Gionta in Sharks zone.
8:31 of 2nd period - Richard Panik is hit by Jamie McGinn and loses puck.
8:42 of 2nd period - Andrew Ladd is hit by Richard Panik and loses puck.
9:07 of 2nd period - Snap shot by Brad Richards.
9:07 of 2nd period - Goal by Brad Richards - Oilers : 1 - Sharks : 1.
9:08 of 2nd period - Maxim Lapierre wins face-off versus Nick Bonino in neutral zone.
9:13 of 2nd period - Maxim Lapierre is hit by James Wisniewski and loses puck.
9:24 of 2nd period - Snap shot by Nick Bonino.
9:24 of 2nd period - Shot Misses the Net.
9:46 of 2nd period - Backhand shot by Nick Foligno.
9:46 of 2nd period - Stopped by Jonathan Quick without a rebound.
9:47 of 2nd period - Nicklas Backstrom wins face-off versus Olli Jokinen in Sharks zone.
9:48 of 2nd period - Wrist shot by Brayden Schenn.
9:48 of 2nd period - Stopped by Jonathan Quick without a rebound.
9:49 of 2nd period - Vernon Fiddler wins face-off versus Nicklas Backstrom in Sharks zone.
9:54 of 2nd period - Slapshot by Dion Phaneuf.
9:54 of 2nd period - Deflect By Derek Roy.
9:54 of 2nd period - Stopped by Jaroslav Halak with a rebound.
9:56 of 2nd period - Slapshot by Dion Phaneuf.
9:56 of 2nd period - Shot Blocked by Jason Demers.
9:58 of 2nd period - Slapshot by Olli Jokinen.
9:58 of 2nd period - Stopped by Jaroslav Halak with a rebound.
10:00 of 2nd period - Slapshot by Dion Phaneuf.
10:00 of 2nd period - Stopped by Jaroslav Halak without a rebound.
10:01 of 2nd period - Vernon Fiddler wins face-off versus Nicklas Backstrom in Oilers zone.
10:18 of 2nd period - Snap shot by Derek Roy.
10:18 of 2nd period - Shot Misses the Net.
10:30 of 2nd period - Slapshot by Dion Phaneuf.
10:30 of 2nd period - Shot Misses the Net.
10:32 of 2nd period - Slapshot by Dion Phaneuf.
10:32 of 2nd period - Stopped by Jaroslav Halak without a rebound.
10:33 of 2nd period - Brad Richards wins face-off versus Nick Bonino in Oilers zone.
10:33 of 2nd period - Minor Penalty to Erik Cole for Holding.
10:34 of 2nd period - Nicklas Backstrom wins face-off versus Olli Jokinen in Sharks zone.
10:47 of 2nd period - Slapshot by Nick Foligno.
10:47 of 2nd period - Stopped by Jonathan Quick without a rebound.
10:48 of 2nd period - Nicklas Backstrom wins face-off versus Olli Jokinen in Sharks zone.
11:48 of 2nd period - Minor Penalty to James Wisniewski for Tripping.
11:49 of 2nd period - Patrick Marleau wins face-off versus Olli Jokinen in Oilers zone.
12:18 of 2nd period - Snap shot by Tomas Fleischmann.
12:18 of 2nd period - Shot Blocked by Niklas Hjalmarsson.
12:20 of 2nd period - Snap shot by Tomas Fleischmann.
12:20 of 2nd period - Stopped by Jaroslav Halak without a rebound.
12:21 of 2nd period - Tomas Fleischmann wins face-off versus Nicklas Backstrom in Oilers zone.
12:33 of 2nd period - Penalty to Erik Cole is over, Erik Cole is back on ice.
13:32 of 2nd period - Mike Weber is hit by Steven Kampfer.
13:48 of 2nd period - Penalty to James Wisniewski is over, James Wisniewski is back on ice.
13:58 of 2nd period - Slapshot by Jason Demers.
13:58 of 2nd period - Shot Misses the Net.
14:00 of 2nd period - Snap shot by Niklas Hjalmarsson.
14:00 of 2nd period - Shot Misses the Net.
14:16 of 2nd period - Niklas Hjalmarsson is hit by Mike Weber and loses puck.
14:48 of 2nd period - Slapshot by Dion Phaneuf.
14:48 of 2nd period - Shot Misses the Net.
15:47 of 2nd period - Ryan McDonagh is hit by Olli Jokinen and loses puck.
16:08 of 2nd period - Brian Gionta is hit by Nick Foligno and loses puck.
16:23 of 2nd period - Wrist shot by David Desharnais.
16:23 of 2nd period - Deflect By Darren Helm.
16:23 of 2nd period - Stopped by Jonathan Quick with a rebound.
16:25 of 2nd period - Wrist shot by Darren Helm.
16:25 of 2nd period - Shot Blocked by Nicklas Grossmann.
16:33 of 2nd period - Snap shot by Darren Helm.
16:33 of 2nd period - Stopped by Jonathan Quick without a rebound.
16:34 of 2nd period - Maxim Lapierre wins face-off versus Lars Eller in Sharks zone.
17:09 of 2nd period - Wrist shot by Lars Eller.
17:09 of 2nd period - Deflect By Dion Phaneuf.
17:09 of 2nd period - Shot Blocked by Mike Green.
17:09 of 2nd period - Puck is out of play.
17:10 of 2nd period - Brad Richards wins face-off versus David Desharnais in Sharks zone.
18:32 of 2nd period - Wrist shot by Nick Foligno.
18:32 of 2nd period - Shot Misses the Net.
19:44 of 2nd period - Snap shot by Brad Richards.
19:44 of 2nd period - Shot Misses the Net.
19:46 of 2nd period - Slapshot by Mike Weber.
19:46 of 2nd period - Deflect By Ryan McDonagh.
19:46 of 2nd period - Stopped by Jaroslav Halak without a rebound.
19:47 of 2nd period - Brad Richards wins face-off versus David Desharnais in Oilers zone.
19:56 of 2nd period - Wrist shot by Jacob Josefson.
19:56 of 2nd period - Shot Blocked by Nicklas Grossmann.
19:58 of 2nd period - Wrist shot by Jacob Josefson.
19:58 of 2nd period - Shot Misses the Net.
Goals for this period are 1 for Oilers vs 1 for Sharks.
Shots for this period are 13 for Oilers vs 9 for Sharks.

3rd period


0:01 of 3rd period - Brad Richards wins face-off versus Nick Bonino in neutral zone.
0:12 of 3rd period - Slapshot by Mike Green.
0:12 of 3rd period - Deflect By Patrick Marleau.
0:12 of 3rd period - Stopped by Jaroslav Halak with a rebound.
0:14 of 3rd period - Slapshot by Dion Phaneuf.
0:14 of 3rd period - Deflect By Nick Foligno.
0:14 of 3rd period - Stopped by Jaroslav Halak without a rebound.
0:15 of 3rd period - Nick Bonino wins face-off versus Brad Richards in Oilers zone.
0:32 of 3rd period - Snap shot by Brian Gionta.
0:32 of 3rd period - Shot Misses the Net.
0:34 of 3rd period - Slapshot by Dion Phaneuf.
0:34 of 3rd period - Stopped by Jaroslav Halak with a rebound.
0:36 of 3rd period - Backhand shot by Mike Green.
0:36 of 3rd period - Shot Misses the Net.
1:04 of 3rd period - Snap shot by Brayden Schenn.
1:04 of 3rd period - Stopped by Jonathan Quick with a rebound.
1:19 of 3rd period - Snap shot by Brayden Schenn.
1:19 of 3rd period - Stopped by Jonathan Quick with a rebound.
1:21 of 3rd period - Snap shot by Andrew Ladd.
1:21 of 3rd period - Stopped by Jonathan Quick with a rebound.
1:53 of 3rd period - Darren Helm is hit by Dion Phaneuf and loses puck.
2:24 of 3rd period - Steven Kampfer is hit by Curtis Glencross and loses puck.
2:37 of 3rd period - Brayden McNabb is hit by Dion Phaneuf and loses puck.
3:10 of 3rd period - Snap shot by Nick Foligno.
3:10 of 3rd period - Shot Hit the Post.
3:12 of 3rd period - Snap shot by Nick Bonino.
3:12 of 3rd period - Stopped by Jonathan Quick without a rebound.
3:13 of 3rd period - Nick Bonino wins face-off versus Brad Richards in Sharks zone.
3:14 of 3rd period - Snap shot by Nick Foligno.
3:14 of 3rd period - Goal by Nick Foligno - Oilers : 2 - Sharks : 1.
3:15 of 3rd period - Brad Richards wins face-off versus Nick Bonino in neutral zone.
3:19 of 3rd period - Slapshot by Mike Weber.
3:19 of 3rd period - Shot Blocked by Ryan McDonagh.
3:29 of 3rd period - Snap shot by Brad Richards.
3:29 of 3rd period - Shot Misses the Net.
3:31 of 3rd period - Wrist shot by Brian Gionta.
3:31 of 3rd period - Shot Blocked by James Wisniewski.
3:33 of 3rd period - Slapshot by Mike Weber.
3:33 of 3rd period - Shot Blocked by Ryan McDonagh.
4:07 of 3rd period - Brayden Schenn is hit by Vernon Fiddler and loses puck.
4:14 of 3rd period - Niklas Hjalmarsson is hit by Olli Jokinen and loses puck.
4:59 of 3rd period - Snap shot by Richard Panik.
4:59 of 3rd period - Shot Misses the Net.
5:08 of 3rd period - Jay Harrison is hit by Jason Demers and loses puck.
5:39 of 3rd period - Backhand shot by Lars Eller.
5:39 of 3rd period - Shot Misses the Net.
7:07 of 3rd period - Snap shot by Derek Roy.
7:07 of 3rd period - Stopped by Jaroslav Halak without a rebound.
7:08 of 3rd period - David Desharnais wins face-off versus Vernon Fiddler in Oilers zone.
8:15 of 3rd period - Snap shot by Brian Gionta.
8:15 of 3rd period - Stopped by Jaroslav Halak with a rebound.
8:17 of 3rd period - Slapshot by Curtis Glencross.
8:17 of 3rd period - Stopped by Jaroslav Halak with a rebound.
8:23 of 3rd period - Slapshot by Brian Gionta.
8:23 of 3rd period - Stopped by Jaroslav Halak without a rebound.
8:24 of 3rd period - Nicklas Backstrom wins face-off versus Brad Richards in Oilers zone.
8:44 of 3rd period - Slapshot by Brad Richards.
8:44 of 3rd period - Shot Misses the Net.
8:55 of 3rd period - Nicolas Deslauriers beats up Andrew Ladd.
8:55 of 3rd period - Penalty to Nicolas Deslauriers for Fighting.
8:55 of 3rd period - Penalty to Andrew Ladd for Fighting.
8:56 of 3rd period - Nick Bonino wins face-off versus Vernon Fiddler in neutral zone.
9:33 of 3rd period - Snap shot by Nick Foligno.
9:33 of 3rd period - Shot Misses the Net.
10:05 of 3rd period - Wrist shot by Brian Gionta.
10:05 of 3rd period - Deflect By Brad Richards.
10:05 of 3rd period - Shot Misses the Net.
10:05 of 3rd period - Puck is out of play.
10:06 of 3rd period - Brad Richards wins face-off versus Trevor Lewis in Oilers zone.
10:07 of 3rd period - Slapshot by Dion Phaneuf.
10:07 of 3rd period - Stopped by Jaroslav Halak without a rebound.
10:08 of 3rd period - Brad Richards wins face-off versus Lars Eller in Oilers zone.
10:09 of 3rd period - Snap shot by Brian Gionta.
10:09 of 3rd period - Shot Misses the Net.
10:11 of 3rd period - Wrist shot by Erik Cole.
10:11 of 3rd period - Shot Misses the Net.
10:19 of 3rd period - Snap shot by Erik Cole.
10:19 of 3rd period - Stopped by Jaroslav Halak without a rebound.
10:20 of 3rd period - Lars Eller wins face-off versus Maxim Lapierre in Oilers zone.
10:20 of 3rd period - Lars Eller is hit by Tomas Fleischmann.
10:28 of 3rd period - Snap shot by Trevor Lewis.
10:28 of 3rd period - Shot Misses the Net.
10:37 of 3rd period - Snap shot by Jason Demers.
10:37 of 3rd period - Deflect By Lars Eller.
10:37 of 3rd period - Stopped by Jonathan Quick without a rebound.
10:38 of 3rd period - Maxim Lapierre wins face-off versus Nick Bonino in Sharks zone.
11:31 of 3rd period - Mike Weber is hit by Nicklas Backstrom.
13:05 of 3rd period - Dion Phaneuf is hit by James Wisniewski and loses puck.
14:46 of 3rd period - Minor Penalty to Steven Kampfer for Hooking.
14:47 of 3rd period - Lars Eller wins face-off versus Brian Gionta in Oilers zone.
16:18 of 3rd period - Minor Penalty to Ryan McDonagh for Interference.
16:19 of 3rd period - Vernon Fiddler wins face-off versus Nick Bonino in Oilers zone.
16:46 of 3rd period - Penalty to Steven Kampfer is over, Steven Kampfer is back on ice.
17:27 of 3rd period - Icing by Mike Weber.
17:28 of 3rd period - Olli Jokinen wins face-off versus Lars Eller in Sharks zone.
18:00 of 3rd period - James Wisniewski is hit by Brian Gionta and loses puck.
18:18 of 3rd period - Penalty to Ryan McDonagh is over, Ryan McDonagh is back on ice.
19:00 of 3rd period - Sharks, Jonathan Quick is pulled from the net.
19:08 of 3rd period - Wrist shot by Tomas Fleischmann.
19:08 of 3rd period - Shot Misses the Net.
19:10 of 3rd period - Snap shot by Nicklas Grossmann.
19:10 of 3rd period - Shot Blocked by Nicklas Backstrom.
19:41 of 3rd period - Slapshot by Brad Richards.
19:41 of 3rd period - Shot Misses the Net.
19:43 of 3rd period - Backhand shot by Brian Gionta.
19:43 of 3rd period - Stopped by Jaroslav Halak without a rebound.
19:44 of 3rd period - Mike Johnston call a timeout for Sharks.
19:44 of 3rd period - Brad Richards wins face-off versus Nicklas Backstrom in Oilers zone.
Goals for this period are 1 for Oilers vs 0 for Sharks.
Shots for this period are 6 for Oilers vs 10 for Sharks.